 Dungeon Crawl Stone Soup version 0.29-a0-559-g359e09b9d1 (webtiles) character file.

Game seed: 12528070882034768773

404 Ndrwtcm the Cudgeller (level 6, -3/37 HPs)
             Began as a Gargoyle Berserker on June 10, 2022.
             Was a Believer of Trog.
             Killed from afar by an orc wizard (5 damage)
             ... with a magic dart
             ... on level 4 of the Dungeon.
             The game lasted 00:07:50 (3556 turns).

Ndrwtcm the Cudgeller (Gargoyle Berserker)          Turns: 3556, Time: 00:07:51

Health: -3/37      AC: 12    Str: 22    XL:     6   Next: 86%
Magic:  6/6        EV: 11    Int:  8    God:    Trog [**....]
Gold:   196        SH:  0    Dex:  9    Spells: 5/5 levels left

rFire   . . .      SeeInvis .   a - +0 mace
rCold   . . .      Faith    .   (no shield)
rNeg    + . .      Spirit   .   p - +0 ring mail
rPois   ∞          Reflect  .   (no helmet)
rElec   +          Harm     .   k - +0 cloak
rCorr   .          Rampage  .   (no gloves)
Will    .....                   h - +0 pair of boots
Stlth   ..........              (no amulet)
HPRegen 0.12/turn               (no ring)
MPRegen 0.10/turn               (no ring)

@: no status effects
A: sickness immunity, AC +4, negative energy resistance 1, electricity
resistance, torment resistance 1, petrification resistance
a: Renounce Religion, Berserk, Trog's Hand


You were on level 4 of the Dungeon.
You worshipped Trog.
Trog was pleased with you.
You visited 1 branch of the dungeon, and saw 4 of its levels.

You collected 196 gold pieces.

Inventory:

Hand Weapons
 a - a +0 mace (weapon)
Armour
 b - a +0 animal skin
 h - a +0 pair of boots (worn)
 k - a +0 cloak (worn)
 p - a +0 ring mail (worn)
Wands
 m - a wand of iceblast (13)
Scrolls
 e - a scroll of poison
 g - a scroll of vulnerability
 j - 2 scrolls of teleportation
Potions
 d - a potion of lignification {unknown}
 f - a potion of heal wounds {unknown}
 o - a potion of haste {unknown}
 q - a potion of magic {unknown}
 r - a potion of attraction {unknown}


   Skills:
 - Level 3.2 Fighting
 + Level 7.5 Maces & Flails
 - Level 2.1 Armour
 - Level 1.5 Dodging


You had 5 spell levels left.
You didn't know any spells.
Your spell library was empty.

Dungeon Overview and Level Annotations

Branches:
Dungeon (4/15)
 Temple: D:4-7

Altars:
Hepliaklqana


Innate Abilities, Weirdness & Mutations

You are immune to sickness and miasma.
Your stone body is resilient. (AC +4)
You are immune to poison.
You resist negative energy. (rN+)
You are resistant to electric shocks. (rElec)
You are resistant to unholy torment.
You are immune to petrification.


Message History

* * * LOW HITPOINT WARNING * * *
Natasha claws you but does no damage.
You sock Natasha!
Natasha is heavily wounded.
Natasha claws you but does no damage.
You sock Natasha!
Natasha is almost dead.
Natasha claws you but does no damage.
You barely miss Natasha.
Natasha is almost dead.
Natasha claws you.
* * * LOW HITPOINT WARNING * * *
You barely miss Natasha.
Natasha is almost dead.
The orc wizard casts a spell.
The orc wizard flickers and vanishes!
Deactivating autopickup; reactivate with Ctrl-A.
Natasha claws you.
* * * LOW HITPOINT WARNING * * *
You barely miss Natasha.
Natasha is almost dead.
An endoplasm comes into view.
Natasha completely misses you.
You miss Natasha.
Natasha is almost dead.
The endoplasm quivers.
Natasha claws you but does no damage.
You hit Natasha.
You kill Natasha!
Trog accepts your kill.
Trog appreciates your killing of a magic user.
Natasha yowls pathetically as she dies!
You closely miss something. Your punch misses something.
Something hits you but does no damage.
You miss something. Something hits you but does no damage.
You hit something.
You hear some strange, mumbled words.
A magic dart appears from out of thin air!
The magic dart hits you.
You die...

######.#########
#.............>#
######.###.###.# #.# #.#
#.# #.# #.# #.# #.# #..
#.# #.# #.. #.# #.#
#..##.# # #@# #..##.#
.####.#{###..##.########
..o....o................
........J.....#.########
..............#.#
.##.##..#.#...#.# #.
#..#.#...#.# #
#..#.#...#.########
...................


You could see an orc and an endoplasm.

Vanquished Creatures
  Pargi (D:3)
  A black bear (D:3)
  A scorpion (D:4)
  An orc priest (D:4)
  Jessica (D:2)
  Natasha (D:4)
  An adder (D:3)
  2 worms
  A dart slug (D:1)
  An orc (D:3)
  7 ball pythons
  5 bats
  4 endoplasms
  5 giant cockroaches
  5 hobgoblins
  4 quokkas
  2 frilled lizards
  5 goblins
  6 kobolds
  9 rats
63 creatures vanquished.

Notes
Turn   | Place    | Note
-------+----------+-------------------------------------------
     0 | D:1      | Ndrwtcm the Gargoyle Berserker began the quest for the Orb.
     0 | D:1      | Reached XP level 1. HP: 14/14 MP: 1/1
   263 | D:1      | Reached XP level 2. HP: 6/19 MP: 2/2
   653 | D:1      | You fall into a shaft and drop 1 floor!
  1019 | D:1      | Found a faded altar of an unknown god.
  1058 | D:1      | Reached skill level 4 in Maces & Flails
  1132 | D:1      | Reached XP level 3. HP: 23/23 MP: 3/3
  1630 | D:2      | Noticed Jessica
  1637 | D:2      | Killed Jessica
  1638 | D:2      | Reached XP level 4. HP: 28/28 MP: 4/4
  1752 | D:2      | Reached ** piety under Trog
  2066 | D:3      | Noticed Pargi
  2098 | D:3      | Killed Pargi
  2099 | D:3      | Reached skill level 6 in Maces & Flails
  2099 | D:3      | Reached XP level 5. HP: 19/32 MP: 5/5
  2667 | D:3      | Found a hazy altar of Hepliaklqana.
  2725 | D:3      | Noticed a black bear
  2738 | D:3      | Killed a black bear
  2739 | D:3      | Reached XP level 6. HP: 26/37 MP: 6/6
  3266 | D:4      | Reached skill level 7 in Maces & Flails
  3534 | D:4      | Noticed Natasha
  3550 | D:4      | HP: 1/37 [Natasha (4)]
  3553 | D:4      | Killed Natasha
  3556 | D:4      | Killed from afar by an orc wizard

Illustrated notes

Levels and vault maps discovered:
D:1:      mrwooster_arrival_statue_2, layout_loops_ring,
          chequers_ecumenical_altar_simple_redux, chequers_serial_rivers_room_a
D:2:      layout_loops_ring, uniq_jessica
D:3:      layout_basic, nicolae_hepliaklqana_hazy_memory, uniq_pargi
D:4:      layout_basic, gup_sewer_entry_pipe, uniq_natasha, uniq_menkaure,
          uniq_duvessa, uniq_crazy_yiuf_cottage

Skill      XL: |  1  2  3  4  5  6 |
---------------+-------------------+-----
Maces & Flails | 4 6 7 |  7.5
Fighting       | |  3.2
Armour         | |  2.1
Dodging        | |  1.5

Action                   |  1- 3 |  4- 6 || total
-------------------------+-------+-------++-------
Melee: Mace              |    77 |   161 ||   238
  Use: Scroll            |       |     7 ||     7
 Stab: Sleeping          |     1 |       ||     1
Armor: Animal skin       |    36 |     6 ||    42
       Ring mail         |       |   124 ||   124
Dodge: Dodged            |    36 |   145 ||   181

Table legend: (Time is in decaauts)
 A = Elapsed time spent in this place.
 B = Non-inter-level travel time spent in this place.
 C = Inter-level travel time spent in this place.
 D = Time resting spent in this place.
 E = Time spent auto-exploring this place.
 F = Levels seen in this place.
 G = Mean time per level.
                   A        B        C        D        E       F      G
               +--------+--------+--------+--------+--------+-----+--------+
         Total |   3588 |   3437 |    151 |    116 |   2514 |   4 |  897.0 |
       Dungeon |   3588 |   3437 |    151 |    116 |   2514 |   4 |  897.0 |
               +--------+--------+--------+--------+--------+-----+--------+

Top non-repeatable levels by time:
     D:1: 1234 daAuts
     D:3: 1176 daAuts
     D:2: 834 daAuts
     D:4: 343 daAuts
